 Dungeon Crawl Stone Soup version 0.31-a0-1027-gfb7600b (webtiles) character file.

Game seed: 114132644576805117

91 Geeful the Changeling (level 4, 0/29 HPs)
             Began as an Octopode Shapeshifter on Nov 18, 2023.
             Slain by PurpleRed's ghost (15 damage)
             ... on level 3 of the Dungeon.
             The game lasted 00:04:52 (2107 turns).

Geeful the Changeling (Octopode Shapeshifter)       Turns: 2107, Time: 00:04:52

Health: 0/29       AC:  1    Str: 15    XL:     4   Next: 59%
Magic:  4/4        EV: 13    Int: 12    God:
Gold:   377        SH:  0    Dex: 11    Spells: 3/3 levels left

rFire   . .          .
                       - Unarmed
rCold   . . .        (no shield)
rNeg    . . .        h - melded +2 hat
rPois   .            (no amulet)
rElec   .            (no ring)
rCorr   .            (no ring)
SInv    .            (no ring)
Will    .....        (no ring)
Stlth   ++           (no ring)
HPRegen 0.24/turn    (no ring)
MPRegen 0.09/turn    (no ring)
                     (no ring)

%: no passive effects
@: beast-form
A: beast (slay +2), almost no armour, amphibious, 8 rings, camouflage 1,
gelatinous body 1, (nimble swimmer 1), tentacles
a: Begin Untransformation


You were on level 3 of the Dungeon.
You were a hulking beast.
You visited 1 branch of the dungeon, and saw 3 of its levels.

You collected 377 gold pieces.

Inventory:

Missiles
 e - 2 poisoned darts (quivered)
Armour
 h - a +2 hat (melded)
Talismans
 b - a beast talisman (active)
 c - a flux talisman
Scrolls
 d - 2 scrolls of identify {unknown}
 f - a scroll of revelation {unknown}
 g - 2 scrolls of fear {unknown}
 k - 3 scrolls of poison {unknown}
 l - a scroll of fog {unknown}
Potions
 a - 3 potions of lignification
 i - a potion of might {unknown}
 j - a potion of degeneration {unknown}


   Skills:
 + Level 2.0 Fighting
 + Level 2.6 Dodging
 + Level 3.5 Unarmed Combat
 * Level 3.8 Shapeshifting


You had 3 spell levels left.
You didn't know any spells.
Your spell library contained the following spells:

 Spells                   Type           Power      Damage    Failure   Level
 Sandblast                Erth           0%         2d4       32%         1
 Summon Small Mammal      Summ           0%         N/A       32%         1
 Passwall                 Tmut/Erth      0%         N/A       45%         2
 Call Canine Familiar     Summ           0%         N/A       69%         3
 Stone Arrow              Conj/Erth      0%         3d7       69%         3
 Summon Guardian Golem    Hex/Summ       0%         N/A       69%         3
 Brom's Barrelling Bould  Conj/Erth      0%         2d3       97%         4


Dungeon Overview and Level Annotations

Branches:
Dungeon (3/15)

Altars:

Annotations:
D:3 PurpleRed's ghost, weakling DEBr


Innate Abilities, Weirdness & Mutations

You are a hulking beast.
Your limbs bulge with bestial killing power. (Slay +2)
You cannot wear most types of armour.
You are amphibious.
You can wear up to eight rings at the same time.
Your skin changes colour to match your surroundings (Stealth+).
Your rubbery body absorbs attacks. (AC +1, EV +1)
((You are camouflaged when in or above water. (Stealth+)))
You have tentacles for arms and can constrict up to eight enemies at once.


Message History

You see here a +0 robe.
You tentacle-slap the goblin. You grab the goblin. You squeeze the goblin.
You kill the goblin!
No target in view!
You see here a +0 dagger.
You see here a +0 dagger.
You see here a +0 pair of gloves.
A worm comes into view.
The helpless worm fails to defend itself.
You tentacle-slap the worm. You grab the worm.
The worm is lightly wounded.
You constrict the worm.
You tentacle-slap the worm. x2; You squeeze the worm!
The worm is severely wounded.
You constrict the worm. The worm bites you!
You tentacle-slap the worm.
You kill the worm!
No target in view!
No target in view!
You see here an adder skeleton.
You see here a +0 hand axe.
There is a stone staircase leading down here.
Okay, then.
As you open the large door, it creaks loudly!
You closely miss PurpleRed's ghost. PurpleRed's ghost barely misses you.
You tentacle-slap PurpleRed's ghost.
PurpleRed's ghost is lightly damaged.
PurpleRed's ghost hits you.
You closely miss PurpleRed's ghost.
PurpleRed's ghost is lightly damaged.
PurpleRed's ghost misses you.
You completely miss PurpleRed's ghost.
You squeeze PurpleRed's ghost, but do no damage.
PurpleRed's ghost is lightly damaged.
PurpleRed's ghost hits you!
You tentacle-slap PurpleRed's ghost. You squeeze PurpleRed's ghost.
PurpleRed's ghost is heavily damaged.
PurpleRed's ghost hits you.
You are electrocuted!
Ouch! That really hurt!
You die...

#######
###.....##
#........####
#...h..#....#
###'W######.#
#..≈....#
#.##
##..#≈⌠≈.#
#..###
#~.~..#.#
##...#
#≈#..:~.##
###.#
###.#≈###
#.#####
########
#.....#
#......####
#>....#


You could see PurpleRed's ghost.

Vanquished Creatures
  3 adders
  A worm (D:3)
  An orc (D:3)
  9 ball pythons
  3 endoplasms
  2 giant cockroaches
  7 goblins
  10 hobgoblins
  7 bats
  4 frilled lizards
  5 kobolds
  4 rats
56 creatures vanquished.

Notes
Turn   | Place    | Note
-------+----------+-------------------------------------------
     0 | D:1      | Geeful the Octopode Shapeshifter began the quest for the
                  | Orb.
     0 | D:1      | Reached XP level 1. HP: 13/13 MP: 1/1
   111 | D:1      | Reached XP level 2. HP: 18/18 MP: 2/2
   423 | D:1      | Reached XP level 3. HP: 23/23 MP: 3/3
  1547 | D:3      | Reached XP level 4. HP: 21/29 MP: 4/4
  1664 | D:3      | Found a faded altar of an unknown god.
  1841 | D:3      | Found a large runed translucent door.
  1841 | D:3      | Found a large runed translucent door.
  1842 | D:3      | Noticed PurpleRed's ghost (weakling DEBr)
  2107 | D:3      | Slain by PurpleRed's ghost

Illustrated notes

Levels and vault maps discovered:
D:1:      tarquinn_simple_flora_water_f, layout_basic, minmay_gold_behind_fungi,
          minivault_27
D:2:      layout_basic
D:3:      layout_rooms, ebering_ghost_disaster_area,
          ebering_ecumenical_altar_rust

Skill      XL: |  1  2  3  4 |
---------------+-------------+-----
Fighting       | 2 |  2.0
Dodging        | |  2.6
Unarmed Combat | |  3.5
Shapeshifting  | |  3.8

Action                     |  1- 3 |  4- 6 || total
---------------------------+-------+-------++-------
  Melee: Unarmed           |    89 |    27 ||   116
         Constrict         |    18 |     8 ||    26
         Tentacles         |    13 |     9 ||    22
         Punch             |       |     1 ||     1
Ability: Begin Untransform |     1 |       ||     1
   Stab: Distracted        |     2 |       ||     2
         Sleeping          |     9 |     3 ||    12
 Armour: Skin              |    24 |     7 ||    31
  Dodge: Dodged            |    54 |    16 ||    70
   Form: Beast             |     1 |       ||     1

Table legend: (Time is in decaauts)
 A = Elapsed time spent in this place.
 B = Non-inter-level travel time spent in this place.
 C = Inter-level travel time spent in this place.
 D = Time resting spent in this place.
 E = Time spent auto-exploring this place.
 F = Levels seen in this place.
 G = Mean time per level.
                   A        B        C        D        E       F      G
               +--------+--------+--------+--------+--------+-----+--------+
         Total |   2099 |   2048 |     51 |     25 |   1600 |   3 |  699.7 |
       Dungeon |   2099 |   2048 |     51 |     25 |   1600 |   3 |  699.7 |
               +--------+--------+--------+--------+--------+-----+--------+

Top non-repeatable levels by time:
     D:2: 781 daAuts
     D:1: 731 daAuts
     D:3: 586 daAuts
